AoeStats
← KirKy

Pilgrims

508860982Analyzed
4v4 RM · 7d ago on Sep 24, 2026· 73m 28s· 8 players
Game mode
Random Map
Map size
Large (8 player)
Population
200
Speed
Normal
Resources
Standard
Victory
Conquest
Starting age
Dark Age
Ending age
Imperial Age
RankedLock teamsTeams togetherTeam positionsShared explorationLock speedFull tech treeHidden civsTurbo modeCheats
Victory
Defeat
🇵🇱 Goths · Poland
1001
+13
🇫🇷 Franks · France
964
+15
🇳🇴 Turks · Norway
962
+15
🇵🇪 Bohemians · Peru
954
+15
🇻🇳 Huns · Vietnam
966
-15
🇨🇳 Maya · China
951
-15
🇮🇱 Vikings · Israel
933
-14
🇮🇩 Mongols · Indonesia
915
-14
伐木人
6:37 Loom
6:58 Loom
10:52 Loom
14:21 Feudal Age
12:39 Loom
17:57 Castle Age
16:10 Double-Bit Axe
17:22 Wheelbarrow
17:14 Fishing Lines
19:02 Gillnets
26:50 Imperial Age
28:17 Conscription
32:26 Fletching
34:01 Hul'che Javelineers
35:30 Chemistry
34:57 Bow Saw
36:01 Wheelbarrow
35:16 Capped Ram
36:03 Town Watch
37:55 Holcans
36:47 Eagle Warrior
37:26 Bodkin Arrow
37:32 Padded Archer Armor
38:56 Treadmill Crane
39:20 Elite Eagle Warrior
39:47 Arson
40:16 Forging
40:32 Siege Ram
41:18 Stone Mining
41:18 Gold Mining
41:19 Pikeman
42:00 Squires
43:23 Horse Collar
44:46 Two-Man Saw
44:04 Bracer
44:20 Leather Archer Armor
43:48 Elite Plumed Archer
43:54 Halberdier
46:51 Sappers
48:06 Stone Shaft Mining
47:36 Heavy Scorpion
49:51 Ballistics
50:14 Scale Mail Armor
LE MINH NHAT
15:39 Feudal Age
16:47 Double-Bit Axe
20:43 Wheelbarrow
20:14 Stone Mining
20:18 Gold Mining
23:52 Castle Age
22:07 Fishing Lines
26:18 Bow Saw
29:36 Imperial Age
27:15 Husbandry
27:28 Bloodlines
27:26 Scale Barding Armor
27:32 Forging
27:27 Marauders
29:37 Chain Barding Armor
29:54 Iron Casting
30:44 Conscription
29:45 Elite Tarkan
31:51 Hand Cart
50:36 Pikeman
51:38 Squires
51:47 Scale Mail Armor
52:48 Blast Furnace
52:26 Plate Barding Armor
51:16 Halberdier
55:43 Man-at-Arms
56:32 Crossbowman
57:19 Thumb Ring
KirKy
11:07 Loom
13:22 Feudal Age
14:13 Fishing Lines
16:00 Double-Bit Axe
21:51 Fletching
21:51 Town Watch
24:28 Castle Age
24:37 Stone Mining
24:40 Gold Mining
25:30 Bow Saw
26:05 Medium Warships
25:47 Gillnets
26:36 Bodkin Arrow
29:12 Gold Shaft Mining
30:33 Scale Mail Armor
31:21 Horse Collar
34:18 Chain Mail Armor
39:14 Imperial Age
37:00 Heavy Plow
39:07 Forging
41:02 Hoardings
42:51 Chieftains
43:33 Plate Mail Armor
43:41 Siege Engineers
43:21 Elite Berserk
46:34 Iron Casting
45:39 Elite Varangian Guard
46:23 Squires
46:59 Conscription
Levreap
13:05 Feudal Age
13:42 Fishing Lines
16:05 Loom
16:42 Double-Bit Axe
19:35 Wheelbarrow
22:16 Castle Age
22:18 Stone Mining
22:58 Gillnets
23:38 Bow Saw
25:42 Gold Mining
29:33 Gold Shaft Mining
32:04 Clinker Construction
35:33 Imperial Age
33:26 Hand Cart
33:51 Ballistics
33:44 Masonry
35:01 Bloodlines
34:51 Husbandry
36:32 Elite Steppe Lancer
37:22 Scale Barding Armor
37:30 Forging
42:51 Chain Barding Armor
43:07 Iron Casting
42:47 Capped Ram
44:43 Shipwright
45:26 Chemistry
47:36 Blast Furnace
ALX
12:48 Feudal Age
13:49 Fishing Lines
18:29 Castle Age
19:08 Double-Bit Axe
19:21 Gillnets
21:40 Bow Saw
23:35 Loom
28:59 Gold Mining
29:00 Stone Mining
32:50 Imperial Age
31:08 Wheelbarrow
30:52 Forging
30:35 Fletching
30:50 Scale Barding Armor
31:01 Town Watch
31:55 Gold Shaft Mining
31:11 Horse Collar
32:36 Iron Casting
32:37 Hand Cart
33:49 Town Patrol
34:16 Ballistics
35:02 Blast Furnace
33:58 Bodkin Arrow
34:54 Conscription
35:23 Fortified Wall
36:06 Artillery
38:27 Elite Janissary
41:58 Bloodlines
41:49 Husbandry
42:24 Murder Holes
42:37 Scale Barding Armor
42:32 Bracer
64:35 Elite Cannon Galleon
66:01 Medium Warships
66:53 Medium Warships
67:13 Medium Warships
66:32 Demolition Ship
67:23 Heavy Demolition Ship
Tthierachien
6:28 Loom
14:27 Feudal Age
21:46 Castle Age
19:37 Double-Bit Axe
20:50 Stone Mining
20:53 Gold Mining
23:44 Bow Saw
24:21 Gold Shaft Mining
24:52 Town Watch
25:43 Wheelbarrow
26:37 Town Patrol
26:33 Fishing Lines
27:40 Fletching
28:01 Forging
27:58 Scale Barding Armor
27:54 Scale Mail Armor
28:15 Hand Cart
32:12 Imperial Age
33:46 Iron Casting
33:33 Chain Barding Armor
33:08 Bodkin Arrow
33:41 Ballistics
34:22 Chemistry
33:06 Cavalier
34:16 Husbandry
36:15 Blast Furnace
35:09 Paladin
36:36 Gillnets
40:52 Plate Barding Armor
73:32 Clinker Construction
73:33 Careening
73:31 Siege Engineers
xKx| Orange
4:57 Loom
15:54 Feudal Age
22:17 Castle Age
27:02 Squires
26:23 Pikeman
29:10 Wheelbarrow
28:21 Town Watch
29:45 Horse Collar
32:59 Scale Mail Armor
33:09 Forging
32:22 Man-at-Arms
33:25 Heavy Plow
33:13 Double-Bit Axe
36:13 Imperial Age
34:26 Anarchy
36:31 Chain Mail Armor
36:52 Iron Casting
37:00 Halberdier
38:03 Conscription
39:28 Perfusion
41:00 Long Swordsman
42:43 Blast Furnace
41:45 Elite Huskarl
41:48 Two-Handed Swordsman
43:19 Champion
47:22 Capped Ram
66:15 Medium Warships
67:13 Demolition Ship
68:37 Fletching
68:47 Padded Archer Armor
72:18 Heavy Warships
Blei Blei
10:01 Loom
14:06 Feudal Age
14:46 Double-Bit Axe
20:36 Castle Age
18:40 Fletching
20:23 Scale Mail Armor
20:36 Forging
26:35 Wheelbarrow
25:47 Town Watch
30:11 Imperial Age
30:15 Chemistry
30:00 Fortified Wall
32:59 Murder Holes
35:19 Hand Cart
35:05 Town Patrol
38:11 Conscription
39:36 Houfnice
40:31 Bow Saw
43:28 Two-Man Saw
49:16 Chain Mail Armor
49:44 Ballistics
49:36 Masonry
49:22 Pikeman
51:58 Iron Casting
51:54 Plate Mail Armor
51:26 Padded Archer Armor
51:22 Bodkin Arrow
51:38 Scale Barding Armor
51:40 Halberdier
52:06 Arson
52:22 Squires
54:36 Caravan
55:47 Wagenburg Tactics
60:37 Elite Cannon Galleon
61:40 Medium Warships
64:19 Medium Warships
64:58 Clinker Construction
66:07 Heavy Warships
Connection lost

Rejoining the realm…

Still unreachable

The connection could not be restored.

Session expired

The server has moved on; the page needs a fresh start.